 Dungeon Crawl Stone Soup version 0.30-a0-652-gcc886f7154 (webtiles) character file.

Game seed: 4045727086172759862

680 NinjaNoafa the Shield-Bearer (level 7, -2/62 HPs)
             Began as a Hill Orc Fighter on Jan 17, 2023.
             Slain by an iguana (5 damage)
             ... on level 4 of the Dungeon.
             The game lasted 00:04:29 (2923 turns).

NinjaNoafa the Shield-Bearer (Hill Orc Fighter)     Turns: 2923, Time: 00:04:30

Health: -2/62      AC: 10    Str: 21    XL:     7   Next: 60%
Magic:  7/7        EV: 10    Int:  8    God:
Gold:   84         SH:  5    Dex: 10    Spells: 6/6 levels left

rFire   . . .      SeeInvis .    b - +1 flail (venom)
rCold   . . .      Faith    .    c - +0 buckler
rNeg    . . .      Spirit   .    n - +4 ring mail
rPois   .          Reflect  .    (no helmet)
rElec   .          Harm     .    (no cloak)
rCorr   .          Rampage  .    (no gloves)
Will    .....                    (no boots) Stlth
                                 (no amulet)
HPRegen 0.30/turn                (no ring)
MPRegen 0.10/turn                (no ring)

@: no status effects
A: no striking features
a: no special abilities


You were on level 4 of the Dungeon.
You visited 1 branch of the dungeon, and saw 4 of its levels.
You also visited: Sewer.

You collected 84 gold pieces.

Inventory:

Hand Weapons
 a - a +0 war axe
 b - a +1 flail of venom (weapon)
Missiles
 l - 2 atropa-tipped darts (quivered)
 o - 13 poisoned darts
 s - a curare-tipped dart
Armour
 c - a +0 buckler (worn)
 n - a +4 ring mail (worn)
Wands
 v - a wand of quicksilver (2)
Scrolls
 e - 2 scrolls of torment {unknown}
 f - 2 scrolls of enchant armour {unknown}
 g - 2 scrolls of identify {unknown}
 i - 2 scrolls of fog {unknown}
 m - 2 scrolls of teleportation {unknown}
 p - 3 scrolls of brand weapon {unknown}
 r - 2 scrolls of blinking {unknown}
Potions
 d - 3 potions of might
 h - a potion of attraction
 j - a potion of haste {unknown}
 k - a potion of cancellation
 q - a potion of heal wounds {unknown}
 t - a potion of brilliance {unknown}
 u - a potion of invisibility {unknown}
 w - a potion of mutation {unknown}


   Skills:
 + Level 5.8 Fighting
 + Level 5.4 Axes
 + Level 5.2 Armour
 * Level 6.1 Shields


You had 6 spell levels left.
You didn't know any spells.
Your spell library was empty.

Dungeon Overview and Level Annotations

Branches:
Dungeon (4/15)              Sewer (visited)
 Temple: D:4-7

Altars:
Uskayaw

Shops:
D:2 =

Annotations:
D:4 3 runed translucent doors


Message History

The black bear bites you but does no damage.
The black bear claws you but does no damage. x2
The iguana barely misses you.
You sock the black bear!
You kill the black bear!
The iguana bites you.
Your Shields skill increases to level 6!
You hit the endoplasm.
The endoplasm is lightly wounded.
The iguana bites you but does no damage.
The endoplasm hits you but does no damage.
You sock the iguana!
The iguana is poisoned.
The iguana is heavily wounded.
The iguana bites you but does no damage.
The endoplasm freezes you.
You are frozen.
You barely miss the iguana.
The iguana is heavily wounded.
The iguana bites you! The endoplasm freezes you.
You are frozen.
* * * LOW HITPOINT WARNING * * *
The endoplasm hits you.
* * * LOW HITPOINT WARNING * * *
The iguana bites you.
* * * LOW HITPOINT WARNING * * *
Okay, then.
It was a potion of attraction.
You feel attractive to monsters. The iguana barely misses you.
The endoplasm barely misses you.
It was a potion of cancellation.
Your magical effects are unravelling.
You feel magically purged. The iguana bites you!
* * * LOW HITPOINT WARNING * * *
The endoplasm barely misses you.
You feel less attractive to monsters.
Okay, then.
You hit the endoplasm.
The endoplasm is severely wounded.
The iguana bites you.
You die...

...............####..#.
. ......................
............#.##.#......
#.#...#.........#....#.
.................[....
#...#...#..##.#....#.
#...#...#..##.#....#.
#l#..#..##.#....#
#@#..#..##.#......
#J#...............
...........#......
..!...#.......####^
........>.##
............ ...........
###.#........


You could see an iguana (very poisoned) and an endoplasm.

Vanquished Creatures
  A water moccasin (D:4)
  A black bear (D:4)
  3 kobold brigands (Sewer)
  Terence (D:2)
  Natasha (thrice) (D:3)
  An orc wizard (D:3)
  2 adders
  2 river rats (Sewer)
  9 worms
  6 orcs (D:3)
  10 bats
  9 endoplasms
  3 giant cockroaches
  3 goblins
  4 hobgoblins
  3 jackals (D:3)
  3 quokkas (D:1)
  7 ball pythons
  9 kobolds
  12 rats
92 creatures vanquished.

Notes
Turn   | Place    | Note
-------+----------+-------------------------------------------
     0 | D:1      | NinjaNoafa the Hill Orc Fighter began the quest for the
                  | Orb.
     0 | D:1      | Reached XP level 1. HP: 19/19 MP: 1/1
   125 | D:1      | Reached XP level 2. HP: 27/27 MP: 2/2
   581 | D:1      | Reached XP level 3. HP: 33/33 MP: 3/3
   729 | D:2      | Found Kisopt's Jewellery Boutique.
   878 | D:2      | Found a hide-covered altar of Uskayaw.
  1055 | D:2      | Noticed Terence
  1064 | D:2      | Killed Terence
  1065 | D:2      | Reached XP level 4. HP: 25/41 MP: 4/4
  1519 | D:3      | Reached skill level 4 in Shields
  1630 | D:3      | Reached XP level 5. HP: 45/47 MP: 5/5
  1890 | D:3      | Found a glowing drain.
  1901 | Sewer    | Entered a sewer
  2181 | Sewer    | Noticed a kobold brigand
  2181 | Sewer    | Noticed a kobold brigand
  2191 | Sewer    | Killed a kobold brigand
  2192 | Sewer    | Reached skill level 5 in Fighting
  2192 | Sewer    | Reached XP level 6. HP: 37/56 MP: 6/6
  2196 | Sewer    | Reached skill level 5 in Shields
  2580 | D:3      | Noticed Natasha
  2587 | D:3      | Killed Natasha
  2675 | D:3      | Noticed Natasha
  2678 | D:3      | Killed Natasha
  2679 | D:3      | Reached skill level 5 in Axes
  2679 | D:3      | Reached XP level 7. HP: 61/61 MP: 7/7
  2733 | D:3      | Noticed Natasha
  2739 | D:3      | Killed Natasha
  2848 | D:4      | Reached skill level 5 in Armour
  2899 | D:4      | Found a runed translucent gate.
  2900 | D:4      | Found a runed translucent gate.
  2900 | D:4      | Found a runed translucent gate.
  2918 | D:4      | Reached skill level 6 in Shields
  2922 | D:4      | HP: 2/62 [iguana (7)]
  2923 | D:4      | Slain by an iguana

Illustrated notes

Levels and vault maps discovered:
D:1:      dpeg_arrival_windows_large_door, layout_loops_cross
D:2:      layout_basic, basic_altar, serial_shops, nicolae_shop_stone,
          dk_noncrumbling_4, uniq_terence
D:3:      layout_loops_ring, cheibrodos_sewer_entry_sluice, st_stairs_5,
          uniq_natasha
D:4:      layout_basic, kennysheep_mini, lemuel_tele_altar,
          gammafunk_ghost_necromancy, uniq_duvessa, uniq_crazy_yiuf_cottage,
          uniq_edmund

Skill      XL: |  1  2  3  4  5  6  7 |
---------------+----------------------+-----
Axes           | 3 4 5 |  5.4
Fighting       | 4 5 |  5.8
Armour         | 4 5 |  5.2
Shields        | 4 5 6 |  6.1

Action                   |  1- 3 |  4- 6 |  7- 9 || total
-------------------------+-------+-------+-------++-------
Melee: War axe           |   103 |   126 |       ||   229
       Flail             |       |    65 |    22 ||    87
Throw: Dart              |     1 |       |       ||     1
  Use: Potion            |       |       |     2 ||     2
Armor: Scale mail        |    43 |       |       ||    43
       Ring mail         |     5 |    93 |    13 ||   111
Dodge: Dodged            |    60 |   107 |    15 ||   182
Block: Buckler           |    20 |    46 |     5 ||    71

Table legend: (Time is in decaauts)
 A = Elapsed time spent in this place.
 B = Non-inter-level travel time spent in this place.
 C = Inter-level travel time spent in this place.
 D = Time resting spent in this place.
 E = Time spent auto-exploring this place.
 F = Levels seen in this place.
 G = Mean time per level.
                   A        B        C        D        E       F      G
               +--------+--------+--------+--------+--------+-----+--------+
         Total |   3106 |   3021 |     85 |      0 |   1957 |   5 |  621.2 |
       Dungeon |   2451 |   2366 |     85 |      0 |   1530 |   4 |  612.8 |
         Sewer |    654 |    654 |      0 |      0 |    427 |   1 |  654.0 |
               +--------+--------+--------+--------+--------+-----+--------+

Top non-repeatable levels by time:
     D:3: 832 daAuts
     D:2: 775 daAuts
     D:1: 754 daAuts
   Sewer: 654 daAuts
     D:4: 88 daAuts
